 Dungeon Crawl Stone Soup version 0.29-a0-384-g6960b1960d (webtiles) character file.

Game seed: 1675109788404338444

220 NinjaNoafa the Skirmisher (level 5, -1/42 HPs)
             Began as a Demonspawn Monk on May 6, 2022.
             Slain by a gnoll
             ... wielding a +0 club
              (4 damage)
             ... on level 3 of the Dungeon.
             The game lasted 00:05:19 (3743 turns).

NinjaNoafa the Skirmisher (Demonspawn Monk)         Turns: 3743, Time: 00:05:20

Health: -1/42      AC:  4    Str:  8 (11) XL:     5   Next: 64%
Magic:  5/5        EV: 13    Int: 10 (12) God:
Gold:   200        SH:  0    Dex: 14 (17) Spells: 4/4 levels left

rFire   + . .      SeeInvis .   l - +0 dagger (protect)
rCold   . . .      Faith    .   (no shield)
rNeg    + . .      Spirit   .   b - +0 robe
rPois   .          Reflect  .   (no helmet)
rElec   .          Harm     .   (no cloak)
rCorr   .          Rampage  .   (no gloves)
Will    .....                   (no boots)
Stlth   ++........              f - amulet of the acrobat
HPRegen 0.14/turn               n - ring of positive energy
MPRegen 0.09/turn               c - ring of protection from fire

@: about to teleport, flying
A: thin metallic scales 1
a: no special abilities


You were on level 3 of the Dungeon.
You visited 1 branch of the dungeon, and saw 3 of its levels.

You collected 200 gold pieces.

Inventory:

Hand Weapons
 l - a +0 dagger of protection (weapon)
Missiles
 o - 5 poisoned darts (quivered)
Armour
 b - a +0 robe (worn)
Jewellery
 c - a ring of protection from fire (right hand)
 f - an amulet of the acrobat (around neck)
 n - a ring of positive energy (left hand)
Scrolls
 h - a scroll of teleportation
 j - 2 scrolls of identify {unknown}
 k - a scroll of enchant armour {unknown}
 p - a scroll of poison {unknown}
Potions
 g - 2 potions of curing


   Skills:
 + Level 4.0 Fighting
 + Level 3.5 Short Blades
 + Level 3.5 Dodging
 + Level 3.8 Stealth


You had 4 spell levels left.
You didn't know any spells.
Your spell library contained the following spells:

 Spells                   Type           Power      Damage    Failure   Level
 Confusing Touch          Hex            0%         N/A       75%         3
 Yara's Violent Unravell  Hex/Tmut       0%         3d3       100%        5
 Enfeeble                 Hex            0%         N/A       100%        7


Dungeon Overview and Level Annotations

Branches:
Dungeon (3/15)

Altars:
The Shining One

Shops:
D:2 =


Innate Abilities, Weirdness & Mutations

You are partially covered in thin metallic scales. (AC +2)


Message History

The gnoll hits you with a +0 whip.
You feel very buoyant.
You fly up into the air.
The gnoll barely misses you. The gnoll hits you but does no damage.
The gnoll hits you with a +0 whip.
You hit the gnoll.
Your weapon exudes an aura of protection.
The gnoll is lightly wounded.
The gnoll barely misses you. The gnoll hits you but does no damage.
The gnoll barely misses you.
You hit the gnoll but do no damage.
The gnoll is heavily wounded.
You hit the gnoll.
The gnoll is severely wounded.
The gnoll hits you but does no damage. The gnoll closely misses you.
The gnoll hits you but does no damage.
You barely miss the gnoll.
The gnoll is heavily wounded.
The gnoll barely misses you. The gnoll hits you but does no damage.
The gnoll hits you with a +0 whip.
You closely miss the gnoll.
The gnoll is heavily wounded.
The gnoll hits you with a +0 whip.
* * * LOW HITPOINT WARNING * * *
The gnoll hits you but does no damage. The gnoll hits you with a +0 whip.
* * * LOW HITPOINT WARNING * * *
The gnoll attacks as you move away! The gnoll hits you but does no damage.
The gnoll attacks as you move away! The gnoll completely misses you.
The gnoll attacks as you move away! The gnoll closely misses you.
The gnoll attacks as you move away! The gnoll misses you.
As you read the scroll labelled OQIOME QOACW, it crumbles to dust.
The creatures around you are filled with an inner flame!
It was a scroll of immolation.
The gnoll misses you.
As you read the scroll labelled REAPAE OCARCH, it crumbles to dust.
You feel strangely unstable.
It was a scroll of teleportation.
As you read the scroll labelled JISHUNT APPO, it crumbles to dust.
It is a scroll of amnesia.
You feel forgetful for a moment. The gnoll hits you with a +0 whip!
* * * LOW HITPOINT WARNING * * *
The gnoll hits you with a +0 club.
You die...

######### ###### #.# #. ##### #.#
## #...# ######.### # #._.#
#.#......# #...# ##......#.#
###.### ##.....#.#.# . ###8...8##
###......#...#
....###........###......##.#..###
.............)g.@..^..#.##.......
.##............gg..##.####.#..###
#######......#.###### ###..#
#.######## #..# #############
#..# [#.#........# #..#
.#..#######.# #..# ....# ### #.#
#..#
#...###.###.################..#


You could see 3 gnolls.

Vanquished Creatures
  A scorpion (D:2)
  An orc priest (D:3)
  An orc wizard (D:3)
  A gnoll (D:2)
  4 adders
  A worm (D:2)
  4 dart slugs
  2 orcs (D:3)
  7 endoplasms
  A giant cockroach (D:3)
  7 goblins
  3 hobgoblins
  4 jackals (D:1)
  2 quokkas (D:2)
  8 ball pythons
  8 bats
  3 frilled lizards
  4 kobolds
  5 rats
67 creatures vanquished.

Notes
Turn   | Place    | Note
-------+----------+-------------------------------------------
     0 | D:1      | NinjaNoafa the Demonspawn Monk began the quest for the Orb.
     0 | D:1      | Reached XP level 1. HP: 18/18 MP: 1/1
   327 | D:1      | Gained mutation: You are partially covered in thin metallic
                  | scales. (AC +2) [demonic ancestry]
   327 | D:1      | Reached XP level 2. HP: 18/24 MP: 2/2
   698 | D:1      | Found a faded altar of an unknown god.
  1249 | D:2      | Found Gausig's Jewellery Shoppe.
  1415 | D:2      | Reached XP level 3. HP: 26/29 MP: 3/3
  2391 | D:2      | Noticed a scorpion
  2406 | D:2      | Reached XP level 4. HP: 21/35 MP: 4/4
  2414 | D:2      | Killed a scorpion
  2669 | D:2      | Reached XP level 5. HP: 34/42 MP: 5/5
  3466 | D:3      | Reached skill level 4 in Fighting
  3743 | D:3      | Slain by a gnoll

Illustrated notes

Levels and vault maps discovered:
D:1:      eino_arrival_cavern_d, layout_basic, ebering_ecumenical_altar_rust,
          st_stairs_7
D:2:      minmay_razor_zed, layout_loops_ring, serial_shops,
          nicolae_shop_statue_plus
D:3:      layout_loops_ring, minitemple, nicolae_tso_carved_into_rock

Skill      XL: |  1  2  3  4  5 |
---------------+----------------+-----
Stealth        | 2 3 |  3.8
Short Blades   | 3 |  3.5
Dodging        | 3 |  3.5
Fighting       | 4 |  4.0

Action                   |  1- 3 |  4- 6 || total
-------------------------+-------+-------++-------
Melee: Short sword       |   122 |    59 ||   181
       Punch             |     1 |       ||     1
       Dagger            |       |    20 ||    20
Throw: Dart              |       |     1 ||     1
  Use: Potion            |     4 |     6 ||    10
       Scroll            |       |     3 ||     3
 Stab: Sleeping          |     9 |     4 ||    13
Armor: Robe              |    33 |    29 ||    62
Dodge: Dodged            |   104 |    76 ||   180

Table legend: (Time is in decaauts)
 A = Elapsed time spent in this place.
 B = Non-inter-level travel time spent in this place.
 C = Inter-level travel time spent in this place.
 D = Time resting spent in this place.
 E = Time spent auto-exploring this place.
 F = Levels seen in this place.
 G = Mean time per level.
                   A        B        C        D        E       F      G
               +--------+--------+--------+--------+--------+-----+--------+
         Total |   3734 |   3551 |    183 |      0 |   2967 |   3 | 1244.7 |
       Dungeon |   3734 |   3551 |    183 |      0 |   2967 |   3 | 1244.7 |
               +--------+--------+--------+--------+--------+-----+--------+

Top non-repeatable levels by time:
     D:2: 1712 daAuts
     D:1: 1261 daAuts
     D:3: 759 daAuts
